[Event "December 19 Late 2023"]
[Site "https://www.chess.com"]
[Date "2023.12.19"]
[Round "1"]
[White "Guevara Sanchez, Erick Marvin"]
[Black "Mkrtchyan, Mikayel"]
[Result "0-1"]
[Board "152"]
[TimeControl "180+1"]
[WhiteFideId "6700136"]
[BlackFideId "13305743"]
[WhiteElo "2040"]
[BlackElo "2033"]
[WhiteTeam "ESA"]
[BlackTeam "ARM"]
[WhiteClock "0:01:10"]
[BlackClock "0:01:07"]

1. e4 e6 2. d4 d5 3. Nc3 dxe4 4. Nxe4 Nd7 5. Nf3 Ngf6 6. Bg5 Be7 7. Bxf6 Nxf6 8. Bd3 Bd7 9. O-O Bc6 10. Qe2 O-O 11. c3 Nxe4 12. Bxe4 Bxe4 13. Qxe4 c6 14. Rfe1 Qb6 15. b3 Rad8 16. Rad1 Qa5 17. Qc2 Bf6 18. Ne5 Bxe5 19. Rxe5 Rd5 20. Rxd5 Qxd5 21. c4 Qa5 22. Kf1 Rd8 23. Qb2 Qh5 24. Qe2 Qxh2 25. Qf3 h6 26. g3 Qh3+ 27. Ke2 Rd7 28. Qe4 Qf5 29. Qxf5 exf5 30. Kf3 g5 31. g4 fxg4+ 32. Kxg4 Kg7 33. Kf5 Rd6 34. d5 cxd5 35. cxd5 f6 36. f4 Kf7 37. Ke4 Kg6 38. f5+ Kf7 39. Rc1 Rd7 40. Rc8 h5 41. Rh8 Re7+ 42. Kd4 h4 43. d6 Re1 44. Rh7+ Ke8 45. d7+ Kd8 46. Kd5 Kc7 47. Rf7 h3 48. Rxf6 h2 49. Rd6 h1=Q+ 50. Kc5 Kd8 51. f6 b6+ 52. Kb5 Re5+ 53. Ka6 Ra5# 0-1

[Event "December 19 Late 2023"]
[Site "https://www.chess.com"]
[Date "2023.12.19"]
[Round "1"]
[White "Asish Panda"]
[Black "Essing, Arnold"]
[Result "0-1"]
[Board "153"]
[TimeControl "180+1"]
[WhiteFideId "45012458"]
[BlackFideId "4619862"]
[WhiteElo "1767"]
[BlackElo "2257"]
[WhiteTeam "IND"]
[BlackTeam "GER"]
[WhiteClock "0:00:01"]
[BlackClock "0:00:32"]

1. e4 Nf6 2. Nc3 e5 3. Nf3 Nc6 4. Bc4 Nxe4 5. Nxe4 d5 6. Bd3 dxe4 7. Bxe4 Bd6 8. O-O O-O 9. c3 Bg4 10. h3 Bh5 11. d3 f5 12. Qb3+ Kh8 13. Bxc6 bxc6 14. Ng5 Qe7 15. d4 h6 16. dxe5 Qxe5 17. f4 Qc5+ 18. Kh1 hxg5 19. fxg5 Be2 20. Re1 Qe5 21. Kg1 Rae8 22. c4 Qh2+ 23. Kf2 Bc5+ 24. Be3 Bxe3+ 25. Qxe3 Rxe3 26. Kxe3 Bxc4 27. Kd2 Qxg2+ 28. Kc3 Bd5 29. Rad1 Rb8 30. b3 Qxg5 31. Rg1 Qf6+ 32. Kc2 Be4+ 33. Kc1 Qc3# 0-1

[Event "December 19 Late 2023"]
[Site "https://www.chess.com"]
[Date "2023.12.19"]
[Round "1"]
[White "Gumugama"]
[Black "Ismagilov, Damir"]
[Result "1/2-1/2"]
[Board "154"]
[TimeControl "180+1"]
[BlackFideId "34199982"]
[WhiteElo "2202"]
[BlackElo "2131"]
[BlackTeam "RUS"]
[WhiteClock "0:00:41"]
[BlackClock "0:01:28"]

1. e4 g6 2. d4 Bg7 3. Nc3 d5 4. Nxd5 c6 5. Nc3 Qxd4 6. Qxd4 Bxd4 7. Nge2 Bg7 8. Be3 e5 9. O-O-O Be6 10. Kb1 Nd7 11. Nc1 Ngf6 12. f3 Ke7 13. Nb3 Ne8 14. Be2 Nd6 15. Rd2 Rhd8 16. Rhd1 Nc4 17. Bxc4 Bxc4 18. Na5 Ba6 19. Nb3 b6 20. a4 Bc4 21. Rd6 Rac8 22. a5 Bxb3 23. cxb3 Bf8 24. Na4 Ke8 25. R6d3 b5 26. Nc3 a6 27. Na2 Nc5 28. Bxc5 Bxc5 29. Rxd8+ Rxd8 30. Rxd8+ Kxd8 31. b4 Bg1 32. h3 Kd7 33. Nc1 Ke6 34. Nd3 f5 35. Kc2 Bd4 36. Nc5+ Bxc5 37. bxc5 Kf6 38. Kd3 Kg5 39. g3 f4 40. h4+ Kf6 41. g4 Ke6 42. b4 g5 43. h5 Kf7 44. Ke2 Kf6 45. Kd3 Kg7 46. Ke2 Kh6 47. Kd3 Kg7 48. Ke2 Kf7 49. Kd3 Ke8 50. Ke2 Kd8 51. Kd3 Kc8 52. Ke2 Kd7 53. Kd3 Ke7 54. Ke2 Ke6 55. Kd3 Kf7 56. Ke2 Kf6 57. Kd3 h6 58. Ke2 Ke7 59. Kd3 Kd7 60. Ke2 Kc7 61. Kd3 Kb7 62. Ke2 Ka7 63. Kd3 Ka8 64. Ke2 Kb8 65. Kd3 Kc8 66. Ke2 Kd8 67. Kd3 Kd7 68. Ke2 Ke6 69. Kd3 Ke7 70. Ke2 Kf6 71. Kd3 Kf7 72. Ke2 Kg7 73. Kd3 Kh7 74. Ke2 Kh8 75. Kd3 Kg8 76. Ke2 Kf8 77. Kd3 Kf7 78. Ke2 Ke7 79. Kd3 Ke8 80. Ke2 Kd8 81. Kd3 Kd7 1/2-1/2

[Event "December 19 Late 2023"]
[Site "https://www.chess.com"]
[Date "2023.12.19"]
[Round "1"]
[White "Sabuk, Piotr"]
[Black "Travadon, Loic"]
[Result "1-0"]
[Board "155"]
[TimeControl "180+1"]
[WhiteFideId "1137565"]
[BlackFideId "26092131"]
[WhiteElo "2276"]
[BlackElo "2406"]
[WhiteTeam "POL"]
[BlackTeam "FRA"]
[WhiteClock "0:01:33"]
[BlackClock "0:01:10"]

1. d4 d5 2. c4 c6 3. Nf3 Nf6 4. Nc3 e6 5. g3 Bb4 6. Bg2 Nbd7 7. O-O O-O 8. Qc2 b6 9. b3 Bb7 10. Bb2 Rc8 11. Rfd1 a5 12. Rac1 Re8 13. Qb1 Bxc3 14. Bxc3 b5 15. Ne5 b4 16. Bb2 Nxe5 17. dxe5 Nd7 18. e4 Qb6 19. exd5 cxd5 20. cxd5 Rxc1 21. Qxc1 exd5 22. Bxd5 Nxe5 23. Bxb7 Qxb7 24. Bxe5 Rxe5 25. Rd8+ Re8 26. Rxe8# 1-0

[Event "December 19 Late 2023"]
[Site "https://www.chess.com"]
[Date "2023.12.19"]
[Round "1"]
[White "Vanek, Tomas"]
[Black "Silva Lucena, Cristian"]
[Result "1-0"]
[Board "156"]
[TimeControl "180+1"]
[WhiteFideId "313459"]
[BlackFideId "2232588"]
[WhiteElo "2052"]
[BlackElo "2248"]
[WhiteTeam "CZE"]
[BlackTeam "ESP"]
[WhiteClock "0:01:16"]
[BlackClock "0:01:32"]

1. e4 e5 2. Nf3 Nf6 3. Nc3 Nc6 4. Bb5 Nd4 5. Ba4 c6 6. O-O Nxf3+ 7. Qxf3 d6 8. Bb3 Be7 9. a4 O-O 10. d3 Nd7 11. Ba2 a5 12. Ne2 Nc5 13. Ng3 Kh8 14. Be3 Ne6 15. Nf5 g6 16. Nh6 Kg7 17. Qg3 Bg5 18. Bxe6 Bxe3 19. Nxf7 Rxf7 20. Bxf7 Bf4 21. Qf3 Kxf7 22. g3 Qg5 23. Kh1 Bg4 24. Qg2 Bd2 25. f4 exf4 26. Qxd2 Ke7 27. Rxf4 Qh5 28. Raf1 Be6 29. Rh4 Qe5 30. Rxh7+ Ke8 31. Qh6 Rd8 32. Rf8# 1-0

[Event "December 19 Late 2023"]
[Site "https://www.chess.com"]
[Date "2023.12.19"]
[Round "1"]
[White "Tifferet, Shakked"]
[Black "Demina, Marya"]
[Result "1/2-1/2"]
[Board "157"]
[TimeControl "180+1"]
[WhiteFideId "2811529"]
[BlackFideId "4195671"]
[WhiteElo "2142"]
[BlackElo "1978"]
[WhiteTeam "ISR"]
[BlackTeam "RUS"]
[WhiteClock "0:00:10"]
[BlackClock "0:00:11"]

1. e4 c6 2. Nc3 d5 3. Nf3 dxe4 4. Nxe4 Nf6 5. Qe2 Nxe4 6. Qxe4 Qd5 7. Qxd5 cxd5 8. d4 Nc6 9. c3 Bf5 10. Bb5 Rc8 11. Ne5 a6 12. Ba4 b5 13. Nxc6 Rxc6 14. Bb3 e6 15. a4 b4 16. a5 Kd8 17. Ba4 Rc8 18. cxb4 Bxb4+ 19. Bd2 Rc4 20. Bxb4 Rxb4 21. O-O Rxb2 22. Rfc1 Ke7 23. Rc6 Bd3 24. g4 Kf6 25. h4 h6 26. Rc7 g5 27. h5 Rhb8 28. Kg2 Rd2 29. Rd1 Be4+ 30. Kg3 Ra2 31. f3 Ra3 32. Rf1 Bd3 33. Rd1 Bb1 34. Bd7 Rbb3 35. Rf1 Be4 36. Be8 Rxf3+ 37. Rxf3+ Rxf3+ 38. Kh2 Kg7 39. Bd7 Kg8 40. Rc8+ Kg7 41. Bc6 Bd3 42. Rc7 Rf4 43. Kg3 Rxd4 44. Bb7 Rf4 45. Bc8 Kf6 46. Bb7 Ke5 47. Rc6 f5 48. gxf5 Kxf5 49. Bc8 Rg4+ 50. Kf2 Re4 51. Bxa6 Bxa6 52. Rxa6 Ra4 53. Ra8 Kg4 54. a6 Kxh5 55. Ra7 e5 56. Kg3 d4 57. Re7 Rxa6 58. Rxe5 Ra3+ 59. Kf2 Kg4 60. Re4+ Kf5 61. Rxd4 h5 62. Rd5+ Kg6 63. Rd6+ Kf5 64. Rd5+ Kf4 65. Rd4+ Ke5 66. Rb4 h4 67. Rb5+ Kf4 68. Rb4+ Kf5 69. Rb5+ Kg4 70. Rb4+ Kh5 71. Rb5 Rc3 72. Kg2 Ra3 73. Rc5 Ra4 74. Rb5 Kg4 75. Rb2 h3+ 76. Kh2 Kh4 77. Rb8 Ra2+ 78. Kh1 g4 79. Rb3 Rc2 80. Rb1 Kg3 81. Rb3+ Kf4 82. Rb1 Kf3 83. Rb3+ Kf2 84. Rb1 g3 85. Rf1+ Ke3 86. Re1+ Kf4 87. Rf1+ Kg4 88. Rd1 Rf2 89. Rd4+ Rf4 90. Rd1 Kf3 91. Rf1+ Kg4 92. Rd1 g2+ 93. Kh2 Rf1 94. Rd4+ Kf3 95. Rd3+ Ke2 96. Rg3 g1=Q+ 97. Rxg1 Rxg1 98. Kxg1 Kf3 99. Kh2 Kg4 100. Kh1 Kg3 101. Kg1 Kf3 102. Kh1 Kg4 103. Kh2 Kh4 104. Kh1 Kg3 105. Kg1 h2+ 106. Kh1 Kh3 1/2-1/2

[Event "December 19 Late 2023"]
[Site "https://www.chess.com"]
[Date "2023.12.19"]
[Round "1"]
[White "Rose, Felix"]
[Black "Bold, Andre"]
[Result "0-1"]
[Board "158"]
[TimeControl "180+1"]
[WhiteFideId "5105722"]
[BlackFideId "16208471"]
[WhiteElo "2039"]
[BlackElo "2110"]
[WhiteTeam "MEX"]
[BlackTeam "GER"]
[WhiteClock "0:01:08"]
[BlackClock "0:00:30"]

1. e4 c6 2. d4 d5 3. e5 Bf5 4. h4 h5 5. Bd3 Bxd3 6. Qxd3 Qa5+ 7. Bd2 Qa6 8. e6 Qxd3 9. cxd3 fxe6 10. Nf3 Nd7 11. O-O e5 12. dxe5 Nc5 13. d4 Ne4 14. Bb4 b6 15. Nc3 Nxc3 16. bxc3 Rc8 17. a4 c5 18. Ba3 e6 19. a5 b5 20. a6 b4 21. cxb4 cxb4 22. Rac1 Rc4 23. Bb2 Nh6 24. Ng5 Kd7 25. f4 Nf5 26. Nf3 Be7 27. Rxc4 dxc4 28. d5 exd5 29. Rd1 Ke6 30. Bd4 Rc8 31. Bxa7 Ra8 32. Bf2 Rxa6 33. g3 b3 34. Rb1 Ra8 35. Kf1 Rb8 36. Be1 d4 37. Bf2 Kd5 38. Ke2 d3+ 39. Kd1 c3 40. Ke1 b2 41. Rd1 b1=Q 42. Nd2 Qxd1+ 43. Kxd1 c2+ 44. Kc1 Ba3# 0-1

[Event "December 19 Late 2023"]
[Site "https://www.chess.com"]
[Date "2023.12.19"]
[Round "1"]
[White "Khater, Sherif"]
[Black "Guzman Lozano, Campo Elias"]
[Result "1-0"]
[Board "159"]
[TimeControl "180+1"]
[WhiteFideId "2034280"]
[BlackFideId "4403746"]
[WhiteElo "2551"]
[BlackElo "2099"]
[WhiteTeam "USA"]
[BlackTeam "COL"]
[WhiteClock "0:00:21"]
[BlackClock "0:00:40"]

1. a3 d5 2. b4 e5 3. Bb2 f6 4. e3 Nh6 5. c4 Be6 6. cxd5 Bxd5 7. Nf3 Be7 8. Nc3 Bf7 9. d4 exd4 10. Nxd4 O-O 11. Bd3 c5 12. bxc5 Bxc5 13. Ne4 Bxd4 14. Bxd4 Nc6 15. Bc3 Rc8 16. O-O Ne5 17. Bxe5 fxe5 18. Nd6 Rc7 19. Nxf7 Nxf7 20. Be4 Rd7 21. Qb3 Kh8 22. Rad1 Ng5 23. Rxd7 Qxd7 24. Qxb7 Qa4 25. Qe7 Re8 26. Qxg5 Qxe4 27. Qh5 Rb8 28. Qf3 Qc4 29. Qf5 Qc5 30. h3 h6 31. a4 Qa5 32. f4 Qxa4 33. Qxe5 Re8 34. Qc5 Qe4 35. Qxa7 Qxe3+ 36. Qxe3 Rxe3 37. Kh2 Kh7 38. Ra1 Re7 39. Ra3 Rc7 40. g4 Rd7 41. Kg3 Rc7 42. Rf3 Rb7 43. f5 Rb6 44. Kh4 Ra6 45. Kh5 Rb6 46. Ra3 Rb7 47. h4 Rc7 48. Ra5 Rb7 49. g5 hxg5 50. hxg5 Rb8 51. Ra7 Rb1 52. g6+ 1-0

[Event "December 19 Late 2023"]
[Site "https://www.chess.com"]
[Date "2023.12.19"]
[Round "1"]
[White "Michalski, Olaf"]
[Black "Wartiovaara, Oliver"]
[Result "1-0"]
[Board "160"]
[TimeControl "180+1"]
[WhiteFideId "1106740"]
[BlackFideId "513024"]
[WhiteElo "2105"]
[BlackElo "2214"]
[WhiteTeam "POL"]
[BlackTeam "FIN"]
[WhiteClock "0:00:06"]
[BlackClock "0:00:01"]

1. d4 Nf6 2. c4 e6 3. Nf3 Bb4+ 4. Nbd2 c5 5. dxc5 Bxc5 6. e3 O-O 7. Bd3 d5 8. O-O Nc6 9. a3 a5 10. b3 e5 11. cxd5 Qxd5 12. Bc4 Qd6 13. Qc2 Bg4 14. Bb2 Bh5 15. Rfd1 Qe7 16. Qf5 Bg6 17. Qg5 Rfe8 18. Nh4 Nd7 19. Qg3 Nb6 20. Nxg6 hxg6 21. Bb5 Rac8 22. Ne4 Red8 23. Ng5 Rxd1+ 24. Rxd1 Rd8 25. Rxd8+ Qxd8 26. h3 f6 27. Ne4 Qd1+ 28. Kh2 Qc2 29. Qxg6 Qxb2 30. Nxc5 Qc3 31. Ne6 1-0

[Event "December 19 Late 2023"]
[Site "https://www.chess.com"]
[Date "2023.12.19"]
[Round "1"]
[White "Riff, Vincent"]
[Black "Feliz Dotel, Dewar Bienvenido"]
[Result "1-0"]
[Board "161"]
[TimeControl "180+1"]
[WhiteFideId "617776"]
[BlackFideId "6402801"]
[WhiteElo "2358"]
[BlackElo "2069"]
[WhiteTeam "FRA"]
[BlackTeam "DOM"]
[WhiteClock "0:01:41"]
[BlackClock "0:00:16"]

1. e4 c5 2. Nf3 Nc6 3. Nc3 g6 4. Bc4 Bg7 5. O-O e6 6. d4 cxd4 7. Nb5 d6 8. Nbxd4 Nge7 9. Nb5 O-O 10. Nxd6 Ne5 11. Nxe5 Bxe5 12. Nxc8 Rxc8 13. Qxd8 Rfxd8 14. Bb3 Nc6 15. c3 Na5 16. Bc2 Nc4 17. Bb3 Na5 18. Be3 b6 19. Rfd1 Bd6 20. Bg5 Bc7 21. Bxd8 Bxd8 22. Rd7 Ra8 23. Rad1 Bf6 24. f4 Kf8 25. e5 Be7 26. Kf2 Bc5+ 27. Kf3 Kg7 28. Bxe6 Rf8 29. Bb3 h5 30. e6 1-0

[Event "December 19 Late 2023"]
[Site "https://www.chess.com"]
[Date "2023.12.19"]
[Round "1"]
[White "Harrington, Steve"]
[Black "Soderstrom, Adrian"]
[Result "0-1"]
[Board "162"]
[TimeControl "180+1"]
[WhiteFideId "2038730"]
[BlackFideId "1745786"]
[WhiteElo "2162"]
[BlackElo "2154"]
[WhiteTeam "USA"]
[BlackTeam "SWE"]
[WhiteClock "0:00:55"]
[BlackClock "0:01:29"]

1. e4 e6 2. d3 c5 3. f4 Nc6 4. Nf3 d5 5. Nc3 Nf6 6. Bd2 b6 7. g3 Bb7 8. Bg2 dxe4 9. dxe4 Ba6 10. a4 Be7 11. e5 Nd5 12. Nb5 O-O 13. c3 Nc7 14. Qb3 Na5 15. Qc2 Nxb5 16. axb5 Bxb5 17. b3 Bd3 18. Qa2 c4 19. Nd4 cxb3 20. Nxb3 Bc4 21. Rb1 Nxb3 22. Rxb3 Qd3 23. Bf1 Qe4+ 24. Kd1 Bxb3+ 25. Qxb3 Qxh1 0-1

[Event "December 19 Late 2023"]
[Site "https://www.chess.com"]
[Date "2023.12.19"]
[Round "1"]
[White "Czopor, Maciej"]
[Black "Wieczorek, Zbigniew"]
[Result "1-0"]
[Board "163"]
[TimeControl "180+1"]
[WhiteFideId "21805431"]
[BlackFideId "1102001"]
[WhiteElo "2324"]
[BlackElo "2160"]
[WhiteTeam "POL"]
[BlackTeam "POL"]
[WhiteClock "0:00:31"]
[BlackClock "0:01:13"]

1. c4 g6 2. h4 Bg7 3. h5 d6 4. Nc3 Nf6 5. h6 Bf8 6. Nf3 e5 7. d3 Be7 8. Bg5 O-O 9. Qd2 Nc6 10. O-O-O Be6 11. g3 d5 12. cxd5 Nxd5 13. Bxe7 Qxe7 14. Kb1 f6 15. Bg2 Qf7 16. a3 Rfd8 17. Rc1 a5 18. Ne4 Ncb4 19. Nc5 Bc8 20. e4 Nf4 21. axb4 Nxg2 22. b5 b6 23. Na4 Qb3 24. Qc2 Qb4 25. Qxc7 Rd7 26. Qc6 Rb8 27. Qe6+ Rf7 28. Rxc8+ Rxc8 29. Qxc8+ Rf8 30. Qc4+ 1-0

[Event "December 19 Late 2023"]
[Site "https://www.chess.com"]
[Date "2023.12.19"]
[Round "1"]
[White "Ang, Ern Jie Anderson"]
[Black "Koc, Przemyslaw"]
[Result "1-0"]
[Board "164"]
[TimeControl "180+1"]
[WhiteFideId "5736200"]
[BlackFideId "1109081"]
[WhiteElo "1941"]
[BlackElo "2118"]
[WhiteTeam "MAS"]
[BlackTeam "POL"]
[WhiteClock "0:00:08"]
[BlackClock "0:00:00"]

1. d4 f5 2. Bg5 h6 3. Bh4 g5 4. Bg3 Nf6 5. e3 c5 6. Bd3 d5 7. c3 Qb6 8. Qc2 e6 9. h4 g4 10. Nd2 Nc6 11. b3 Bg7 12. Ne2 Bd7 13. Nf4 O-O 14. h5 Rac8 15. Qb2 Ne4 16. Nxe4 dxe4 17. Bc4 cxd4 18. cxd4 Nxd4 19. exd4 Rxc4 20. O-O Rxd4 21. Qa3 Rd2 22. Rad1 e3 23. fxe3 Qxe3+ 24. Kh2 Rxd1 25. Rxd1 Bc6 26. Re1 Qd2 27. Rxe6 Qd7 28. Re7 Qd2 29. Qc5 Rf6 30. Qe5 Qd6 31. Qe3 Qd8 32. Ng6 Rf7 33. Re6 Kh7 34. Bf4 Qd5 35. Qe2 Rf6 36. Re7 Rf7 37. Re6 a5 38. Bg3 Rd7 39. Nf4 Qd1 40. Qe3 Be4 41. Rxe4 fxe4 42. Qxe4+ Kg8 43. Qe8+ Bf8 44. Nh3 Rf7 45. Nf4 Qd7 46. Qe4 Qc6 47. Qe3 Bd6 48. Ng6 Bxg3+ 49. Qxg3 Qc7 50. Ne5 Re7 51. Nxg4 Qxg3+ 52. Kxg3 Re2 53. Nxh6+ Kh7 54. Nf5 Rxa2 55. Kf3 Rb2 56. g4 Rxb3+ 57. Kf4 a4 58. g5 Rb4+ 59. Ke5 Rb5+ 60. Kf6 Rb6+ 61. Kf7 Kh8 62. g6 1-0

[Event "December 19 Late 2023"]
[Site "https://www.chess.com"]
[Date "2023.12.19"]
[Round "1"]
[White "Kopczynski, Michal"]
[Black "Hartikainen, Jarmo"]
[Result "1-0"]
[Board "165"]
[TimeControl "180+1"]
[WhiteFideId "1124200"]
[BlackFideId "503134"]
[WhiteElo "2174"]
[BlackElo "2155"]
[WhiteTeam "POL"]
[BlackTeam "FIN"]
[WhiteClock "0:00:48"]
[BlackClock "0:00:22"]

1. e4 c5 2. d4 cxd4 3. c3 d5 4. exd5 Qxd5 5. cxd4 Nc6 6. Nf3 Bg4 7. Be2 e6 8. Nc3 Qa5 9. O-O Nf6 10. Qb3 Qb4 11. Qxb4 Bxb4 12. Be3 O-O 13. Rac1 Rfd8 14. Rfd1 Rac8 15. h3 Bh5 16. g4 Bg6 17. Ne5 Nxe5 18. dxe5 Rxd1+ 19. Bxd1 Nd5 20. Nxd5 Rxc1 21. Bxc1 exd5 22. Be3 b6 23. Bf3 Be4 24. Bxe4 dxe4 25. Kg2 h6 26. Kg3 g5 27. h4 Be7 28. hxg5 hxg5 29. f3 Kg7 30. fxe4 Kg6 31. Kf3 Kg7 32. Ke2 Kf8 33. Kd3 Ke8 34. Kc4 Kd7 35. Kd5 Bd8 36. b4 a6 37. a4 a5 38. b5 Kc7 39. e6 fxe6+ 40. Kxe6 Kc8 41. Kf5 Kd7 42. Bxg5 Bc7 43. Bf4 Bd8 44. Be3 Ke7 45. Bg5+ Kf7 46. Bxd8 1-0

[Event "December 19 Late 2023"]
[Site "https://www.chess.com"]
[Date "2023.12.19"]
[Round "1"]
[White "Quirke, Jeffrey"]
[Black "Lin, Bryan Enming"]
[Result "0-1"]
[Board "166"]
[TimeControl "180+1"]
[WhiteFideId "2013029"]
[BlackFideId "30987121"]
[WhiteElo "2153"]
[BlackElo "2543"]
[WhiteTeam "USA"]
[BlackTeam "USA"]
[WhiteClock "0:00:43"]
[BlackClock "0:00:56"]

1. e4 e5 2. Nf3 Nc6 3. d3 Nf6 4. c3 d5 5. Nbd2 Bc5 6. b4 Bb6 7. Be2 a6 8. O-O O-O 9. a4 Re8 10. a5 Ba7 11. h3 g6 12. Bb2 Nh5 13. Re1 Nf4 14. Bf1 dxe4 15. dxe4 Nd3 16. Bxd3 Qxd3 17. Qe2 Qxe2 18. Rxe2 Be6 19. Nf1 Bc4 20. Rd2 Rad8 21. Rad1 f6 22. Rxd8 Nxd8 23. Rd7 Ne6 24. N3d2 Bb5 25. Rd5 Bc6 26. c4 Bxd5 27. exd5 Bd4 28. Ba3 Nf4 29. Ne4 Kf7 30. Ne3 Rd8 31. Kh2 Nd3 32. g4 Nxf2 33. Nxf2 Bxe3 34. Ne4 f5 35. gxf5 gxf5 36. Ng3 Bf4 0-1

[Event "December 19 Late 2023"]
[Site "https://www.chess.com"]
[Date "2023.12.19"]
[Round "1"]
[White "Kozin, Yuri"]
[Black "Vargas Rodriguez, Wilver"]
[Result "1-0"]
[Board "167"]
[TimeControl "180+1"]
[WhiteFideId "4129920"]
[BlackFideId "3509672"]
[WhiteElo "2543"]
[BlackElo "2210"]
[WhiteTeam "RUS"]
[BlackTeam "CUB"]
[WhiteClock "0:00:44"]
[BlackClock "0:00:11"]

1. e4 e6 2. d4 d5 3. Nc3 Bb4 4. e5 c5 5. Bd2 cxd4 6. Nb5 Be7 7. Nxd4 Nc6 8. Ngf3 f6 9. Bb5 Bd7 10. Qe2 f5 11. h4 a6 12. Bd3 Nxd4 13. Nxd4 Bc5 14. Nb3 Qc7 15. O-O-O Ne7 16. h5 Bb6 17. Bb4 Ba4 18. Bd6 Qc6 19. Kb1 Bc7 20. Nd4 Qd7 21. Bxc7 Qxc7 22. Nxe6 Qb6 23. Nxg7+ Kd8 24. Nxf5 Rf8 25. Nxe7 Kxe7 26. f3 h6 27. Bg6 Rac8 28. b3 Bb5 29. Qd2 Rc5 30. Qxh6 Rfc8 31. Qg7+ Kd8 32. Qf6+ Kc7 33. Qxb6+ Kxb6 34. h6 1-0

[Event "December 19 Late 2023"]
[Site "https://www.chess.com"]
[Date "2023.12.19"]
[Round "1"]
[White "Kniazev, Igor"]
[Black "Tao, Sihan"]
[Result "0-1"]
[Board "168"]
[TimeControl "180+1"]
[WhiteFideId "4136349"]
[BlackFideId "30982677"]
[WhiteElo "1853"]
[BlackElo "1943"]
[WhiteTeam "RUS"]
[BlackTeam "USA"]
[WhiteClock "0:01:14"]
[BlackClock "0:01:32"]

1. e4 c5 2. c3 Nf6 3. e5 Nd5 4. d4 cxd4 5. Nf3 d6 6. cxd4 Nc6 7. Bc4 dxe5 8. dxe5 Be6 9. O-O g6 10. Re1 Bg7 11. Qb3 O-O 12. Qxb7 Na5 13. Qb5 Rb8 14. Qa6 Nb4 15. Qxa7 Bxc4 16. Nc3 Nac6 17. Qc5 Be6 18. Bg5 Qb6 19. Qxb6 Rxb6 20. Rac1 Nd3 21. Na4 Rb4 22. Rxc6 Nxe1 23. Nxe1 Rxa4 24. Bxe7 Rb8 25. a3 Rxb2 26. h4 Rb1 27. Bb4 Raxb4 28. axb4 Rxe1+ 29. Kh2 Bxe5+ 30. g3 Rh1+ 31. Kxh1 Bd5+ 32. Kg1 Bxc6 33. f4 Bc3 34. b5 Bxb5 35. Kf2 Bd7 0-1

[Event "December 19 Late 2023"]
[Site "https://www.chess.com"]
[Date "2023.12.19"]
[Round "1"]
[White "O`Gorman, Tom"]
[Black "Clarke, Adani"]
[Result "1-0"]
[Board "169"]
[TimeControl "180+1"]
[WhiteFideId "2508249"]
[BlackFideId "7402082"]
[WhiteElo "2288"]
[BlackElo "1691"]
[WhiteTeam "IRL"]
[BlackTeam "JAM"]
[WhiteClock "0:01:59"]
[BlackClock "0:01:53"]

1. b3 Nf6 2. Bb2 e6 3. g3 d5 4. Bg2 Be7 5. Nf3 O-O 6. O-O c5 7. d3 Nc6 8. Nbd2 b6 9. e4 Bb7 10. Re1 dxe4 11. dxe4 Qc7 12. e5 Nd7 13. Qe2 Rad8 14. Rad1 Ndb8 15. h4 Nb4 16. Ne4 Ba6 17. c4 Nxa2 18. Nf6+ Kh8 19. Ng5 Rxd1 20. Rxd1 g6 21. Ngxh7 Rd8 22. Ng5 Kg7 23. h5 Rxd1+ 24. Qxd1 Qd8 25. h6+ Kf8 26. Ngh7# 1-0

[Event "December 19 Late 2023"]
[Site "https://www.chess.com"]
[Date "2023.12.19"]
[Round "1"]
[White "Bhandari, Krish"]
[Black "Silva, Kaua Marques"]
[Result "0-1"]
[Board "170"]
[TimeControl "180+1"]
[WhiteFideId "30955106"]
[BlackFideId "22701168"]
[WhiteElo "1959"]
[BlackElo "2199"]
[WhiteTeam "USA"]
[BlackTeam "BRA"]
[WhiteClock "0:01:43"]
[BlackClock "0:01:54"]

1. d4 c5 2. d5 e6 3. c4 exd5 4. cxd5 d6 5. Nc3 g6 6. e4 Bg7 7. Bd3 Nf6 8. Nf3 O-O 9. O-O Re8 10. Nd2 Nbd7 11. f4 a6 12. a4 Nf8 13. Nc4 Rb8 14. a5 Ng4 15. Qf3 Qh4 16. Ne2 Qxh2# 0-1

[Event "December 19 Late 2023"]
[Site "https://www.chess.com"]
[Date "2023.12.19"]
[Round "1"]
[White "Ferreira, Vitor Hugo Vieira"]
[Black "Sailer, Mike"]
[Result "1-0"]
[Board "171"]
[TimeControl "180+1"]
[WhiteFideId "2119765"]
[BlackFideId "2012901"]
[WhiteElo "2123"]
[BlackElo "2109"]
[WhiteTeam "BRA"]
[BlackTeam "USA"]
[WhiteClock "0:00:37"]
[BlackClock "0:00:15"]

1. c4 e6 2. g3 d5 3. Bg2 c5 4. Nf3 Nc6 5. cxd5 exd5 6. d4 Nf6 7. O-O cxd4 8. Nxd4 Bc5 9. Nxc6 bxc6 10. Qc2 Qb6 11. Nc3 Bd6 12. Be3 Qd8 13. Na4 O-O 14. Qxc6 Be6 15. Nc5 Bxc5 16. Qxc5 Ne4 17. Qd4 Qb8 18. b4 a5 19. a3 axb4 20. axb4 Rxa1 21. Rxa1 Qb5 22. Bf3 h6 23. h4 Rb8 24. Rb1 Rc8 25. Qd3 Rc4 26. Bd2 Nxd2 27. Qxd2 Bf5 28. Rb2 Be4 29. Bxe4 dxe4 30. Kg2 h5 31. Qd8+ Kh7 32. Qg5 g6 33. Qxb5 1-0

[Event "December 19 Late 2023"]
[Site "https://www.chess.com"]
[Date "2023.12.19"]
[Round "1"]
[White "Saim, Mohamed Ilias"]
[Black "Tan, Ralph"]
[Result "1-0"]
[Board "172"]
[TimeControl "180+1"]
[WhiteFideId "7900465"]
[BlackFideId "30966590"]
[WhiteElo "2063"]
[BlackElo "2099"]
[WhiteTeam "ALG"]
[BlackTeam "USA"]
[WhiteClock "0:00:16"]
[BlackClock "0:00:11"]

1. d4 Nf6 2. Bg5 Ne4 3. Bf4 d5 4. f3 Nf6 5. e4 dxe4 6. Nc3 exf3 7. Nxf3 Bg4 8. h3 Bxf3 9. Qxf3 c6 10. O-O-O e6 11. Bc4 Nbd7 12. d5 cxd5 13. Bxd5 Qb6 14. Bxb7 Rd8 15. Bg5 Be7 16. Bc6 Qc5 17. Bxf6 gxf6 18. Rxd7 Rxd7 19. Rd1 O-O 20. Rxd7 f5 21. g4 Bg5+ 22. Kb1 f4 23. Ne4 Qa5 24. Nxg5 Qxg5 25. a3 Rb8 26. Rb7 Rd8 27. Rd7 Rb8 28. Bb7 Qb5 29. Qc6 Qf1+ 30. Ka2 Qc1 31. Qc7 Rf8 32. Be4 Qe3 33. Qe5 Qb6 34. Qg5+ Kh8 35. Qh6 f5 36. Qxf8# 1-0

[Event "December 19 Late 2023"]
[Site "https://www.chess.com"]
[Date "2023.12.19"]
[Round "1"]
[White "Hnydiuk, Aleksander"]
[Black "Chiquitita23"]
[Result "1-0"]
[Board "173"]
[TimeControl "180+1"]
[WhiteFideId "1109057"]
[WhiteElo "2374"]
[BlackElo "2114"]
[WhiteTeam "POL"]
[WhiteClock "0:01:46"]
[BlackClock "0:00:47"]

1. Nf3 Nf6 2. c4 e6 3. g3 d5 4. Bg2 dxc4 5. Qa4+ Bd7 6. Qxc4 Bc6 7. O-O Be7 8. d3 O-O 9. e4 Nbd7 10. Bf4 Nb6 11. Qc2 Bb5 12. Rd1 c5 13. Nc3 Be8 14. Rac1 Rc8 15. d4 cxd4 16. Nxd4 Nfd7 17. Ndb5 a6 18. Nd6 e5 19. Nxc8 exf4 20. Nxb6 Qxb6 21. Nd5 Qe6 22. Nc7 Qg4 23. h3 1-0

[Event "December 19 Late 2023"]
[Site "https://www.chess.com"]
[Date "2023.12.19"]
[Round "1"]
[White "Rodgers, Jack"]
[Black "Novikova, Margarita"]
[Result "1-0"]
[Board "175"]
[TimeControl "180+1"]
[WhiteFideId "3220885"]
[BlackFideId "14109689"]
[WhiteElo "2107"]
[BlackElo "2090"]
[WhiteTeam "AUS"]
[BlackTeam "GER"]
[WhiteClock "0:01:22"]
[BlackClock "0:00:00"]

1. d4 g6 2. h4 h5 3. e4 Bg7 4. Nc3 c5 5. d5 d6 6. a4 Nf6 7. f3 e6 8. Bb5+ Bd7 9. dxe6 Bxb5 10. exf7+ Kxf7 11. Nxb5 d5 12. exd5 Re8+ 13. Ne2 Nxd5 14. c4 a6 15. Bg5 Qa5+ 16. Bd2 Qd8 17. cxd5 axb5 18. Bg5 Qa5+ 19. Kf2 bxa4 20. d6 Nd7 21. Qd5+ Kf8 22. Be7+ Rxe7 23. dxe7+ Kxe7 24. Rad1 Qc7 25. Nf4 Bd4+ 26. Rxd4 cxd4 27. Re1+ Kf8 28. Ne6+ 1-0